Map: Pillars of Gold LE

Players

PartinG - Winner!

  • Race: Protoss Protoss
  • League: Grandmaster
  • Spawn Location: 7:00

JinairRogue (Rogue)

  • Race: Zerg Zerg
  • Spawn Location: 1:00

Event: ASUS ROG Online 2020

VOD

https://youtu.be/8jJ9xOcuGxM

Description

Time

  • Played on: Nov. 27, 2020, 8:24 a.m.
  • Length: 2:09

All games in this series

Show
View Real Time Build Order
Export as new Build Order

PartinG Protoss - Winner!

Build Orders:  

Get SALT Encoding   

  12  0:00  Probe  
  13  0:12  Probe  
  14  0:18  Pylon  
  14  0:24  Probe  
  15  0:36  Forge  
  15  0:39  Probe  
  16  0:53  Pylon  
  16  1:05  Probe  
  17  1:11  Pylon  
  17  1:12  Photon Cannon  
  17  1:21  Gateway  
  17  1:30  Pylon  
  17  1:36  Photon Cannon  
  17  1:46  Assimilator  
  17  1:50  Probe  
Show
View Real Time Build Order
Export as new Build Order

JinairRogue Zerg 

Build Orders: Hatch First 

Get SALT Encoding   

  12  0:01  Drone  
  13  0:12  Overlord  
  13  0:17  Drone  
  14  0:31  Drone  
  15  0:47  Hatchery  
  14  0:50  Drone  
  14  0:54  Drone  
  16  0:57  Drone  
  16  1:01  Drone  
  18  1:11  Extractor  
  17  1:22  Spawning Pool  
  17  1:26  Drone  
  18  1:40  Drone  
  17  1:47  Drone  
Tags
 
Add a new tag
Caveats
  • Supply blocks, unpowered buildings, or Contaminate may cause inaccurate times.
  • Supply counts are checked every 10 seconds.